 Dungeon Sprint DCSS version 0.28.0-1-gb440e238dd (webtiles) character file.

Game seed: 1882591427556908448

301 boopmooplesden the Carver (level 6, -11/66 HPs)
             Began as a Minotaur Berserker on Feb 26, 2022.
             Was a Follower of Trog.
             Mangled by a boulder beetle (25 damage)
             ... in the Dungeon (Sprint II: "The Violet Keep of Menkaure").
             The game lasted 00:00:28 (476 turns).

boopmooplesden the Carver (Minotaur Berserker)       Turns: 476, Time: 00:00:29

Health: -11/66     AC:  2    Str: 23    XL:     6   Next: 14%
Magic:  5/5        EV: 13    Int:  4    God:    Trog [*.....]
Gold:   243        SH:  0    Dex: 10    Spells: 5/5 levels left

rFire   . . .      SeeInvis .   a - +0 falchion
rCold   . . .      Faith    .   (no shield)
rNeg    . . .      Spirit   .   b - +0 animal skin
rPois   .          Reflect  .   (helmet restricted)
rElec   .          Harm     .   (no cloak)
rCorr   .          Rampage  .   (no gloves)
Will    .....      NoTele   +   (no boots)
Stlth   +.........              (no amulet)
HPRegen 0.21/turn               (no ring)
MPRegen 0.09/turn               (no ring)

@: on berserk cooldown, slowed, very slow
A: horns 2, retaliatory headbutt
a: Renounce Religion, Berserk


You were in the Dungeon.
You worshipped Trog.
Trog was aware of your devotion.
You visited 1 branch You collected 243 gold pieces.

Inventory:

Hand Weapons
 a - a +0 falchion (weapon)
Armour
 b - a +0 animal skin (worn)
Scrolls
 h - a scroll of blinking
Potions
 c - a potion of curing
 d - a potion of heal wounds
 e - a potion of haste
 f - 2 potions of magic
 g - a potion of berserk rage


   Skills:
 + Level 10.2 Fighting
 + Level 10.4 Long Blades
 + Level 5.3 Armour
 + Level 5.3 Dodging


You had 5 spell levels left.
You didn't know any spells.
Your spell library was empty.

Dungeon Overview and Level Annotations

Branches:
Dungeon (1/1)

Altars:


Innate Abilities, Weirdness & Mutations

You have a pair of horns on your head.
You reflexively headbutt those who attack you in melee.


Message History

You start waiting.
Done waiting.
You start waiting.
Done waiting.
You open the door.
There is an open door, spattered with blood here.
A red film seems to cover your vision as you go berserk!
You feel yourself moving faster!
You feel mighty!
You feel a strong urge to attack something.
There is a staircase leading out of the dungeon here.
The boulder beetle closely misses you.
You hit the boulder beetle but do no damage.
The boulder beetle closely misses you. You furiously retaliate!
You headbutt the boulder beetle.
You hit the boulder beetle but do no damage.
The boulder beetle is lightly wounded.
The boulder beetle closely misses you. You furiously retaliate!
You headbutt the boulder beetle. The boulder beetle bites you!
You hit the boulder beetle but do no damage.
The boulder beetle is lightly wounded.
You hit the boulder beetle but do no damage.
You headbutt the boulder beetle!
The boulder beetle is moderately wounded.
The boulder beetle closely misses you. The boulder beetle bites you!!
You hit the boulder beetle but do no damage.
The boulder beetle is moderately wounded.
You barely miss the boulder beetle.
The boulder beetle is moderately wounded.
The boulder beetle bites you.
The boulder beetle leaps!
You feel a strong urge to attack something.
You are no longer berserk.
You are exhausted.
You feel yourself slow down. The boulder beetle bites you!!
* * * LOW HITPOINT WARNING * * *
You hit the boulder beetle but do no damage.
You headbutt the boulder beetle, but do no damage.
You punch the boulder beetle, but do no damage.
The boulder beetle is lightly wounded.
The boulder beetle bites you!!
You die...

##+##
##.#.##
#.###.#
##.#.##
##'##
##.##
+.<°+
##@##
#B# B#$
.. ..
##. .##
## ##


You could see 2 boulder beetles.

Vanquished Creatures
  2 wyverns (D)
2 creatures vanquished.

Vanquished Creatures (others)
  Menkaure (D)
1 creature vanquished.

Grand Total: 3 creatures vanquished

Notes
Turn   | Place    | Note
-------+----------+-------------------------------------------
     0 | D        | boopmooplesden the Minotaur Berserker began the quest for
                  | the Orb.
     0 | D        | Reached XP level 1. HP: 19/19 MP: 0/0
     1 | D        | Noticed a wyvern
     1 | D        | Noticed a wyvern
     7 | D        | Killed a wyvern
     8 | D        | Reached XP level 2. HP: 8/36 MP: 1/1
     8 | D        | Reached XP level 3. HP: 9/41 MP: 2/2
     8 | D        | Reached XP level 4. HP: 11/49 MP: 3/3
     8 | D        | Reached XP level 5. HP: 13/56 MP: 4/4
    10 | D        | Killed a wyvern
    11 | D        | Reached skill level 10 in Fighting
    11 | D        | Reached skill level 10 in Long Blades
    11 | D        | Reached skill level 5 in Armour
    11 | D        | Reached skill level 5 in Dodging
    11 | D        | Reached XP level 6. HP: 16/66 MP: 5/5
    42 | D        | Noticed Menkaure
    42 | D        | Noticed a boulder beetle
    42 | D        | Noticed a boulder beetle
   130 | D        | Killed Menkaure
   476 | D        | Mangled by a boulder beetle

Illustrated notes

Levels and vault maps discovered:
D:        the_violet_keep_of_menkaure [sprint2_stairs_cluster_1,
          sprint2_shoproom, sprint2_temple, sprint2_basic_supplies,
          sprint2_obstacle_2, sprint2_obstacle_1, sprint2_obstacle_7,
          sprint2_obstacle_5, sprint2_obstacle_4, sprint2_timed_cluster_1,
          sprint2_smallroom_cluster_1, sprint2_smallroom_final_cluster_1,
          sprint2_transparent_cluster_1, sprint2_second_timed_cluster_1,
          sprint2_sniper_area_1, sprint2_heavy_combat_area_1,
          sprint2_mutation_trap_area_1, sprint2_forest_area_1,
          sprint2_light_combat_area_1, sprint2_behind_water_1,
          sprint2_near_end_vault_1]

Skill      XL: |  1  2  3  4  5 |
---------------+----------------+-----
Fighting       | 8 10 | 10.2
Long Blades    | 8 10 | 10.4
Armour         | 4 5 |  5.3
Dodging        | 4 5 |  5.3

Action                   |  1- 3 |  4- 6 || total
-------------------------+-------+-------++-------
Melee: Falchion          |     5 |    10 ||    15
       Headbutt          |       |     4 ||     4
       Punch             |       |     1 ||     1
Invok: Berserk           |     1 |     1 ||     2
Armor: Animal skin       |       |     1 ||     1
Dodge: Dodged            |     3 |     5 ||     8
